 Dungeon Crawl Stone Soup version bcrawl-1.36.3 (webtiles) character file.

Game seed: 8679555141983736789

233601 zzzzzzzz the Chopper (level 7, -13/60 HPs)
             Began as a Minotaur Fighter on June 23, 2022.
             Was a Believer of Okawaru.
             Shot with an arrow by a centaur (18 damage)
             ... on level 5 of the Dungeon.
             The game lasted 00:09:52 (3540 turns).

zzzzzzzz the Chopper (Minotaur Fighter)             Turns: 3540, Time: 00:09:52

Health: -13/60     AC: -3    Str: 22    XL:     7   Next: 38%
Magic:  6/6        EV:  8    Int:  5    God:    Okawaru [**....]
Gold:   329        SH: 10    Dex: 16    Spells: 6/6 levels left

rFire    . . .     SeeInvis .   a - +0 war axe
rCold    . . .     Gourm    .   c - +0 medium shield
rNeg     . . .     Faith    .   s - +0 leather armour {rPois}
rPois    +         Spirit   .   (helmet restricted)
rElec    .         Reflect  .   (no cloak)
rCorr    .                      C - +0 pair of gloves
MR       .....                  (no boots)
Stlth    +.........             (no amulet)
HPRegen  0.20/turn              B - +6 ring of dexterity
MPRegen  0.10/turn              (no ring)

@: corroded
A: retaliatory headbutt, horns 2
a: Heroism, Renounce Religion


You were on level 5 of the Dungeon.
You worshipped Okawaru.
Okawaru was pleased with you.
You were not hungry.

You visited 1 branch of the dungeon, and saw 5 of its levels.

You collected 329 gold pieces.

Inventory:

Hand Weapons
 a - a +0 war axe (weapon)
 k - a +2 falchion of protection
Armour
 b - a +0 scale mail
 c - a +0 medium shield (worn)
 r - a +2 robe of cold resistance
 s - a +0 leather armour of poison resistance (worn)
 u - a +0 chain mail
 C - a +0 pair of gloves (worn)
Jewellery
 w - a cursed +6 amulet of reflection {unknown}
 B - a +6 ring of dexterity (left hand)
Wands
 y - a wand of acid (9)
Scrolls
 f - 3 scrolls of remove curse {unknown}
 i - 9 scrolls of identify
 l - 4 scrolls of teleportation {unknown}
 n - a scroll of fear {unknown}
 o - a scroll of amnesia {unknown}
 p - a scroll of fog {unknown}
 q - a scroll of blinking {unknown}
 v - a scroll of immolation {unknown}
 z - 2 scrolls of enchant armour {unknown}
Potions
 d - a potion of might
 g - a potion of heal wounds {unknown}
 h - 2 potions of flight {unknown}
 j - 3 potions of haste {unknown}
 m - a potion of degeneration {unknown}
 t - a potion of ambrosia {unknown}
 x - a potion of lignification {unknown}
 A - a potion of cancellation {unknown}
Comestibles
 e - 7 rations {!d}


   Skills:
 + Level 4.8 Fighting
 + Level 7.0 Axes
 + Level 5.4 Armour
 + Level 1.7 Dodging
 + Level 0.2 Stealth
 + Level 5.5 Shields


You had 6 spell levels left.
You didn't know any spells.
Your spell library was empty.

Dungeon Overview and Level Annotations

Branches:
Dungeon (5/12)             Temple (0/1) D:5

Altars:
Gozag
Makhleb
Okawaru
Qazlal
Trog
Zin

Annotations:
D:4 3 runed translucent doors, BreqofToren's ghost, amateur DgGl; BreqofToren's ghost, novice GnWz; zoran's ghost, amateur NaAc


Innate Abilities, Weirdness & Mutations

You reflexively headbutt those who attack you in melee.
You have a pair of horns on your head.


Message History

The jelly closely misses you. You furiously retaliate!
You headbutt the jelly, but do no damage.
The centaur shouts!
You slash the jelly!
Your hands burn!
The jelly is almost dead.
The centaur shoots an arrow.
The arrow hits you! You block the jelly's attack.
The centaur shoots an arrow.
You block the arrow.
You hit the jelly but do no damage.
Your hands burn!
The jelly is almost dead.
The centaur shoots an arrow.
The arrow hits you!
* * * LOW HITPOINT WARNING * * *
The jelly barely misses you. You furiously retaliate!
You headbutt the jelly!
You kill the jelly!
Okawaru accepts your kill.
The centaur shoots an arrow.
You block the arrow.
The centaur shoots an arrow.
The arrow hits you!
* * * LOW HITPOINT WARNING * * *
There are no items here.
The centaur shoots an arrow.
The arrow hits you!!
You die...

...>..........#..#
#.#.......#..
###...##......#..#
#.#.##.#.###.
#...####.##.#..#
#.#.##...# #. .....#
#.##....# #.#.##..## #.
##.### # .#.##
##.#.##..# #. #. # # #.#
#....##..# #. #.##.#.#
#..####..####.
#....#.####..###........
#......@................
##..
##.###.####c####...####.
.... #.......c........<.
#... #.####.####..######
# #.# ##....#..# .# #..
.........# ..# ..#
#####.#.## #c.. ###
#.#.# .8. # #.#


You could see a centaur.

Vanquished Creatures
  Menkaure (D:4)
  An ogre (D:4)
  A bullfrog (D:4)
  A centaur (D:4)
  2 orc priests (D:4)
  A hound (D:5)
  A jelly (D:5)
  3 orc wizards
  A killer bee zombie (D:5)
  3 adders
  A shadow imp (D:5)
  5 worms
  4 leopard geckos
  16 orcs
  5 bats
  3 giant cockroaches
  4 goblins
  7 hobgoblins
  7 jackals
  A quokka (D:4)
  A ball python (D:2)
  2 frilled lizards
  5 kobolds
  5 rats
81 creatures vanquished.

Notes
Turn   | Place    | Note
-------+----------+-------------------------------------------
     0 | D:1      | zzzzzzzz the Minotaur Fighter began the quest for the Orb.
     0 | D:1      | Reached XP level 1. HP: 19/19 MP: 0/0
   151 | D:1      | Reached XP level 2. HP: 27/27 MP: 1/1
  1224 | D:2      | Found an opulent altar of Gozag.
  1225 | D:2      | Found a burning altar of Makhleb.
  1292 | D:2      | Found an iron altar of Okawaru.
  1303 | D:2      | Reached XP level 3. HP: 32/33 MP: 2/2
  1308 | D:2      | Became a worshipper of Warmaster Okawaru
  1674 | D:2      | Reached skill level 3 in Axes
  1907 | D:3      | Reached XP level 4. HP: 40/40 MP: 3/3
  2009 | D:3      | Reached skill level 4 in Axes
  2013 | D:3      | Reached XP level 5. HP: 33/46 MP: 4/4
  2516 | D:4      | Noticed Menkaure
  2519 | D:4      | Reached * piety under Okawaru
  2526 | D:4      | Killed Menkaure
  2527 | D:4      | Reached skill level 5 in Axes
  2527 | D:4      | Reached skill level 5 in Armour
  2527 | D:4      | Reached skill level 1 in Dodging
  2527 | D:4      | Reached skill level 5 in Shields
  2527 | D:4      | Reached XP level 6. HP: 38/53 MP: 5/5
  2720 | D:4      | Found a glowing silver altar of Zin.
  2776 | D:4      | Reached skill level 6 in Axes
  2922 | D:4      | Reached XP level 7. HP: 60/60 MP: 6/6
  2942 | D:4      | Found a stormy altar of Qazlal.
  3037 | D:4      | Reached ** piety under Okawaru
  3130 | D:4      | Found a runed translucent gate.
  3130 | D:4      | Found a runed translucent gate.
  3130 | D:4      | Found a runed translucent gate.
  3135 | D:4      | Noticed BreqofToren's ghost (amateur DgGl)
  3135 | D:4      | Noticed zoran's ghost (amateur NaAc)
  3135 | D:4      | Noticed BreqofToren's ghost (novice GnWz)
  3322 | D:5      | Entered Level 5 of the Dungeon
  3383 | D:5      | Noticed a troll
  3385 | D:5      | Found a staircase to the Ecumenical Temple.
  3467 | D:5      | Reached skill level 7 in Axes
  3498 | D:5      | Found a bloodstained altar of Trog.
  3540 | D:5      | Shot with an arrow by a centaur

Skill      XL: |  1  2  3  4  5  6  7 |
---------------+----------------------+-----
Armour         | 4 5 |  5.4
Shields        | 4 5 |  5.5
Fighting       | 4 |  4.8
Axes           | 3 4 5 6 7 |  7.0
Dodging        | 1 |  1.7
Stealth        | |  0.2

Action                   |  1- 3 |  4- 6 |  7- 9 || total
-------------------------+-------+-------+-------++-------
Melee: War axe           |   101 |    78 |    23 ||   202
       Headbutt          |    14 |    14 |     3 ||    31
  Eat: Chunk             |     7 |     6 |       ||    13
       Ration            |       |       |     1 ||     1
Armor: Scale mail        |    62 |     1 |       ||    63
       Leather armour    |       |    11 |     3 ||    14
Dodge: Dodged            |    30 |    24 |     7 ||    61
Block: Medium shield     |    55 |    33 |     8 ||    96
